Map: Ley Lines

Players

Vaisravana

  • Race: Zerg Zerg
  • Spawn Location: 7:00

A.I. 1 (Very Easy) - Winner!

  • Race: Protoss Protoss
  • Spawn Location: 1:00

VOD

Have the link to the VOD?

Description

Time

  • Played on: Aug. 17, 2025, 3:50 a.m.
  • Length: 6:38
Show
View Real Time Build Order
Export as new Build Order

Vaisravana Zerg 

Build Orders: Hatch First 

Get SALT Encoding   

  12  0:00  Drone  
  13  0:11  Drone  
  14  0:14  Extractor  
  14  0:15  Drone  
  15  0:36  Hatchery  
  15  0:42  Overlord  
  14  0:46  Extractor  
  14  0:47  Drone  
  15  1:00  Drone  
  15  1:01  Drone  
  17  1:04  Drone  
  17  1:07  Extractor  
  17  1:15  Spawning Pool  
  17  1:18  Drone  
  17  1:26  Drone  
  18  1:36  Drone  
  20  1:47  Drone  
  20  1:49  Drone  
  21  2:02  Queen x2, Zergling x4  
  27  2:08  Metabolic Boost  
  27  2:12  Drone  
  28  2:17  Overlord  
  28  2:35  Drone x4  
  32  2:42  Queen  
  34  2:46  Lair  
  34  2:51  Extractor  
  34  2:53  Overlord  
  33  2:59  Zergling x2  
  33  3:00  Zergling x2  
  33  3:01  Zergling x2  
  36  3:16  Drone x6  
  36  3:17  Drone  
  43  3:20  Drone  
  44  3:28  Roach Warren  
  44  3:34  Spore Crawler  
  42  3:37  Overlord  
  42  3:41  Drone  
  43  3:42  Drone  
  44  3:58  Drone x4  
  44  3:59  Drone x2  
  50  4:07  Glial Reconstitution  
  50  4:13  Hatchery  
  49  4:19  Overlord x2  
  49  4:21  Drone  
  50  4:25  Spore Crawler  
  49  4:39  Drone  
  49  4:40  Drone x2  
  49  4:42  Extractor, Drone, Pneumatized Carapace  
  52  4:47  Roach x5  
  52  4:49  Roach  
  52  4:52  Roach  
  66  4:55  Roach  
  68  5:06  Overlord  
  68  5:07  Overlord  
  68  5:08  Overlord  
  68  5:27  Roach x3  
  68  5:28  Roach x5  
  84  5:30  Overlord  
  84  5:36  Ravager  
  84  5:37  Ravager x2  
  84  5:39  Ravager  
  84  5:40  Zergling x10  
  93  5:52  Zergling x8  
  93  5:53  Zergling x8  
  101  6:00  Overlord x2  
  101  6:01  Zergling x2  
  101  6:03  Zergling x2  
  103  6:07  Ravager x2  
  103  6:08  Ravager  
Show
View Real Time Build Order
Export as new Build Order

A.I. 1 (Very Easy) Protoss - Winner!

Build Orders:  

Get SALT Encoding   

  12  0:00  Probe  
  13  0:13  Probe  
  14  0:19  Pylon  
  14  0:37  Assimilator  
  14  0:42  Gateway  
  14  0:45  Pylon  
  14  1:12  Assimilator  
  14  1:22  Zealot  
  14  1:23  Probe  
  14  1:31  Cybernetics Core  
  14  1:32  Probe  
  18  1:42  Probe  
  19  1:54  Probe  
  20  1:57  Warp Gate  
  20  2:02  Probe  
  21  2:10  Probe  
  22  2:35  Stalker  
  24  3:54  Probe  
  24  4:08  Probe  
  24  4:38  Probe  
  24  5:26  Probe  
  24  6:00  Probe  
  24  6:38  Stalker  
Tags
 
Matchup
PvZ
Spawn Locations
Cross Positions
Add a new tag
Caveats
  • Supply blocks, unpowered buildings, or Contaminate may cause inaccurate times.
  • Supply counts are checked every 10 seconds.